 Dungeon Crawl Stone Soup version 0.21-a0-82-gdb84782 (webtiles) character file.

495 Manul the Skirmisher (level 6, -2/48 HPs)
             Began as a Mummy Fighter on June 24, 2017.
             Was an Initiate of Gozag.
             Slain by Manul's ghost (3 damage)
             ... on level 4 of the Dungeon.
             The game lasted 00:05:30 (5833 turns).

Manul the Skirmisher (Mummy Fighter)                Turns: 5833, Time: 00:05:30

Health: -2/48      AC:  7    Str: 21    XL:     6   Next: 92%
Magic:  6/6        EV:  8    Int:  7    God:    Gozag
Gold:   93         SH:  9    Dex: 12    Spells: 5/5 levels left

rFire    x . .     SeeInvis .   a - +0 flail
rCold    + + .     Gourm    .   c - +0 shield
rNeg     + + +     Faith    .   b - +0 scale mail
rPois    ∞         Spirit   .   (no helmet)
rElec    .         Reflect  .   (no cloak)
rCorr    .         Harm     .   (no gloves)
MR       .....                  (no boots)
Stlth    ..........             (no amulet)
HPRegen  0.16/turn              l - ring of protection from cold
MPRegen  0.10/turn              (no ring)

@: no status effects
A: no food or potions, fire vulnerability, cold resistance 1, negative energy
resistance 3, torment resistance, unbreathing
a: Potion Petition, Call Merchant, Bribe Branch, Renounce Religion


You were on level 4 of the Dungeon.
You worshipped Gozag.
Gozag was noncommittal.
You were not hungry.

You visited 2 branches of the dungeon, and saw 5 of its levels.
You also visited: Sewer.

You collected 126 gold pieces.
You paid 33 gold pieces to Gozag.

Inventory:

Hand Weapons
 a - a +0 flail (weapon)
Armour
 b - a +0 scale mail (worn)
 c - a +0 shield (worn)
 k - a +1 leather armour of poison resistance
Jewellery
 l - a ring of protection from cold (left hand)
 n - an uncursed ring of protection from cold
Wands
 i - a wand of lightning (0/15)
Scrolls
 e - a scroll of immolation {unknown}
 f - a scroll of noise {unknown}
 g - a scroll of remove curse
 h - a scroll of random uselessness {unknown}
 j - a scroll of teleportation
 m - a scroll of enchant weapon {unknown}


   Skills:
 + Level 4.2 Fighting
 + Level 3.8 Maces & Flails
 + Level 4.0 Armour
 + Level 1.3 Dodging
 + Level 0.1 Stealth
 + Level 3.2 Shields


You had 5 spell levels left.
You didn't know any spells.

Dungeon Overview and Level Annotations

Branches:
Dungeon (4/15)             Temple (1/1) D:4

Altars:
Ashenzari
Cheibriados
Dithmenos
Elyvilon
Fedhas
Gozag
Hepliaklqana
Kikubaaqudgha
Makhleb
Nemelex Xobeh
Okawaru
Qazlal
Ru
Trog
Uskayaw
Vehumet
Wu Jian
Xom
Yredelemnul
Zin
The Shining One

Annotations:
D:3 Natasha
D:4 Manul's ghost, amateur OpAK


Innate Abilities, Weirdness & Mutations

You do not eat or drink.
Your flesh is vulnerable to fire.
You are immune to poison.
Your flesh is cold resistant. (rC+)
You are immune to negative energy. (rN+++)
You are immune to unholy pain and torment.
You can survive without breathing.


Message History

* * * LOW HITPOINT WARNING * * *
You miss Manul's ghost.
Manul's ghost is almost destroyed.
Manul's ghost hits you.
* * * LOW HITPOINT WARNING * * *
Manul's ghost misses you.
Unknown command.
You miss Manul's ghost.
Manul's ghost is almost destroyed.
Manul's ghost says very slowly, "There's no hope."
Manul's ghost barely misses you.
You barely miss Manul's ghost.
Manul's ghost is almost destroyed.
Manul's ghost hits you.
* * * LOW HITPOINT WARNING * * *
You hit Manul's ghost.
Manul's ghost is almost destroyed.
Manul's ghost hits you.
You die...
Your body crumbles into a pile of gold.

..o.. ... #.# #..
#.# #.. #.. ...
#######.####### #.#
#...............#.#
#g# #.#.# #W# #.#.#
#@# #.#.# #.# #.#<#
########.# #.#.#
.........# #.#.#
########.# #.#.#
#.#######...#####.
#.................
##################


You could see Manul's ghost and a gnoll.

Vanquished Creatures
  A scorpion (D:4)
  A bullfrog zombie (D:2)
  2 orc priests
  2 orc wizards (D:4)
  Terence (D:2)
  Natasha (D:3)
  A worker ant (D:4)
  6 adders
  2 river rats (Sewer)
  An ooze (Sewer)
  An adder skeleton (D:3)
  5 worms
  3 dart slugs
  4 leopard geckos
  14 orcs
  3 ball pythons
  9 bats
  6 giant cockroaches
  8 goblins
  12 hobgoblins
  6 jackals (D:2)
  A quokka (D:3)
  3 frilled lizards (D:1)
  14 kobolds
  9 rats
116 creatures vanquished.

Notes
Turn   | Place    | Note
-------+----------+-------------------------------------------
     0 | D:1      | Manul the Mummy Fighter began the quest for the Orb.
     0 | D:1      | Reached XP level 1. HP: 18/18 MP: 1/1
   580 | D:1      | Reached XP level 2. HP: 5/24 MP: 2/2
  1648 | D:1      | Reached XP level 3. HP: 28/29 MP: 3/3
  1899 | D:2      | Noticed Terence
  2662 | D:2      | Killed Terence
  2662 | D:2      | Reached XP level 4. HP: 33/35 MP: 4/4
  3308 | D:2      | Reached XP level 5. HP: 36/42 MP: 5/5
  3460 | D:3      | Found a glowing drain.
  3715 | Sewer    | Entered a sewer
  3824 | Sewer    | Reached skill level 1 in Dodging
  4313 | D:3      | Reached XP level 6. HP: 44/48 MP: 6/6
  4653 | D:3      | Noticed Natasha
  5149 | D:4      | Found a staircase to the Ecumenical Temple.
  5158 | Temple   | Entered the Ecumenical Temple
  5288 | Temple   | Became a worshipper of Gozag Ym Sagoz the Greedy
  5462 | D:3      | Killed Natasha
  5498 | D:3      | Noticed Natasha
  5798 | D:4      | Noticed Manul's ghost (amateur OpAK)
  5830 | D:4      | HP: 2/48 [Manul's ghost (6)]
  5833 | D:4      | Slain by Manul's ghost

Vault maps used:
D:1:      minmay_arrival_semitransparent
D:2:      serial_bayou_crossing, uniq_terence
D:3:      gup_sewer_entry_bubbles, uniq_natasha
D:4:      minmay_temple_entry_poolview, uniq_duvessa
Temple:   regret_index_temple_sigil_plot
Sewer:    sewer_co_15_rooms

Skill      XL: |  1  2  3  4  5  6 |
---------------+-------------------+-----
Maces & Flails | 2 3 |  3.8
Armour         | 3 4 |  4.0
Fighting       | 4 |  4.2
Dodging        | 1 |  1.3
Shields        | 3 |  3.2
Stealth        | |  0.1

Action                   |  1- 3 |  4- 6 || total
-------------------------+-------+-------++-------
Melee: Flail             |   235 |   347 ||   582
Evoke: Wand              |       |     3 ||     3
  Use: Scroll            |       |     3 ||     3
Armor: Scale mail        |   123 |   113 ||   236
Dodge: Dodged            |    83 |    98 ||   181
Block: Shield            |   135 |   150 ||   285
